 Dungeon Crawl Stone Soup version 0.28.0-53-g5a82cb258f (webtiles) character file.

Game seed: 13567627755701633917

34 DemonSlayer the Firebug (level 3, -1/24 HPs)
             Began as a Demonspawn Fire Elementalist on Aug 14, 2022.
             Slain by a hobgoblin (4 damage)
             ... on level 4 of the Dungeon.
             The game lasted 00:02:26 (1763 turns).

DemonSlayer the Firebug (DsFE)                      Turns: 1763, Time: 00:02:28

Health: -1/24      AC:  2    Str:  8    XL:     3   Next: 14%
Magic:  2/6        EV: 12    Int: 18    God:
Gold:   69         SH:  0    Dex: 19    Spells: 0/6 levels left

rFire   . . .      SeeInvis .   c - +0 short sword
rCold   . . .      Faith    .   (no shield)
rNeg    . . .      Spirit   .   a - +0 robe
rPois   .          Reflect  .   (no helmet)
rElec   .          Harm     .   (no cloak)
rCorr   .          Rampage  .   (no gloves)
Will    .....                   (no boots)
Stlth   ++........              (no amulet)
HPRegen 0.08/turn               g - +6 ring of dexterity
MPRegen 0.10/turn               (no ring)

@: mighty
A: claws 1
a: no special abilities


You were on level 4 of the Dungeon.
You visited 1 branch of the dungeon, and saw 3 of its levels.

You collected 69 gold pieces.

Inventory:

Hand Weapons
 c - a +0 short sword (weapon)
Armour
 a - a +0 robe (worn)
Jewellery
 g - a +6 ring of dexterity (left claw)
Potions
 f - a potion of degeneration {unknown}


   Skills:
 + Level 1.8 Dodging
 + Level 2.2 Stealth
 + Level 2.3 Spellcasting
 + Level 1.2 Conjurations
 + Level 3.3 Fire Magic


You couldn't memorise any spells.
You knew the following spells:

 Your Spells              Type           Power      Damage    Failure   Level
a - Foxfire               Conj/Fire      40%        2x1d6     7%          1
b - Scorch                Fire           28%        2d6       7%          2
c - Conjure Flame         Conj/Fire      10%        6-21      21%         3

Your spell library contained the following spells:

 Spells                   Type           Power      Damage    Failure   Level
 Inner Flame              Hex/Fire       8%         N/A       26%         3
 Flame Wave               Conj/Fire      10%        2d5       56%         4


Dungeon Overview and Level Annotations

Branches:
Dungeon (2/15)

Altars:

Annotations:
D:4 Grinder, Pikel


Innate Abilities, Weirdness & Mutations

You have sharp fingernails.


Message History

That felt strangely unrewarding.
The lemure convulses!
You kill the lemure!
That felt strangely unrewarding.
You are blasted by holy energy!
It was a scroll of holy word.
As you read the scroll labelled GYJEMA XURANN, it crumbles to dust.
You feel aware of your surroundings.
You sensed 1 altar, and 1 shop/portal.
It was a scroll of magic mapping.
As you read the scroll labelled VOECEZX SAGUNT, it crumbles to dust.
It is a scroll of identify.
d - 2 potions of curing The lemure shouts!
The orc hits you with a +0 flail.
You aren't carrying any scrolls.
Unknown command.
You aren't carrying any scrolls.
You feel better. The orc barely misses you.
The kobold hits you with a +0 dagger.
You feel better. The orc barely misses you. The kobold misses you.
Flames lash the kobold.
You kill the kobold!
You hear a shout! x2
The orc closely misses you.
An orc comes into view. It is wielding a +0 trident.
Flames lash the orc.
You kill the orc!
You hear a shout!
Grinder gestures at you. Pain shoots through your body!
Ouch! That really hurt!
An orc comes into view. It is wielding a +0 war axe.
An orc comes into view. It is wielding a +0 dagger.
You are too injured to fight recklessly!
It was a potion of might.
You feel very mighty all of a sudden. Grinder hits you.
* * * LOW HITPOINT WARNING * * *
You writhe in agony.
* * * LOW HITPOINT WARNING * * *
The hobgoblin hits you.
You die...

******* *,**,,,,,,,,,,,****
##### *,*******,**,,** #...#
*,,,,,* *,**,** #...#
*****,***,,,,* #...# *,,**,,***
** #...# **,,..,*******, #...##
**#..o,,,,,,,,, #....#
####.oo#,,,*******
#....#####@g..#*,,*,*******
*****#....#.5K5.####*,,*,,,,,,<*
*,.5..K#..5.#####,,,,,,*******,,
*.K5...#..###**,,,****,* ***
*....55....,,,*,*** *,*
*..>...###..,,,,* *,*
*......,**#.,,*** **,*
*?....,,,**..,* ***,,** ****
*,,...,*,,*##** *,,,,,*****,,,


You could see Pikel, Grinder, 2 lemures, 3 orcs and a hobgoblin.

Vanquished Creatures
  2 lemures (D:4)
  2 dart slugs (D:1)
  An orc (D:4)
  A ball python (D:1)
  3 bats (D:1)
  2 endoplasms (D:1)
  2 giant cockroaches (D:1)
  4 goblins (D:1)
  A hobgoblin (D:1)
  3 jackals (D:1)
  A quokka (D:1)
  A frilled lizard (D:1)
  3 kobolds
  3 rats (D:1)
29 creatures vanquished.

Vanquished Creatures (others)
  98 foxfires (D:1)
98 creatures vanquished.

Grand Total: 127 creatures vanquished

Notes
Turn   | Place    | Note
-------+----------+-------------------------------------------
     0 | D:1      | DemonSlayer the Demonspawn Fire Elementalist began the
                  | quest for the Orb.
     0 | D:1      | Reached XP level 1. HP: 13/13 MP: 3/3
   407 | D:1      | Reached skill level 3 in Fire Magic
   490 | D:1      | Gained mutation: You have sharp fingernails. [demonic
                  | ancestry]
   490 | D:1      | Reached XP level 2. HP: 19/19 MP: 0/5
  1318 | D:1      | Found a faded altar of an unknown god.
  1410 | D:1      | Reached XP level 3. HP: 24/24 MP: 3/6
  1714 | D:1      | Learned a level 2 spell: Scorch
  1718 | D:1      | Learned a level 3 spell: Conjure Flame
  1747 | D:2      | You fall into a shaft and drop 2 floors!
  1747 | D:4      | Noticed Grinder
  1747 | D:4      | Noticed Pikel
  1747 | D:4      | Noticed a lemure
  1747 | D:4      | Noticed a lemure
  1747 | D:4      | Noticed a lemure
  1748 | D:4      | Noticed a lemure
  1756 | D:4      | Killed a lemure
  1756 | D:4      | Killed a lemure
  1763 | D:4      | Slain by a hobgoblin

Illustrated notes

Levels and vault maps discovered:
D:1:      dpeg_arrival_rooms_b, layout_basic,
          shapermc_ecumenical_altar_mp_vishouse
D:2:      layout_basic, grunt_ministairs_4, dk_noncrumbling_2, minivault_27,
          uniq_robin, uniq_crazy_yiuf_cottage, uniq_jessica
D:4:      layout_rooms, makhleb_blood_cavern_becter, nicolae_underground_beach,
          uniq_menkaure, uniq_grinder, uniq_pikel, uniq_duvessa

Skill      XL: |  1  2 |
---------------+-------+-----
Fire Magic     | 3 |  3.3
Stealth        | 2 |  2.2
Dodging        | |  1.8
Spellcasting   | |  2.3
Conjurations   | |  1.2

Action                   || total
-------------------------++-------
Melee: Unarmed           ||     1
       Short sword       ||    19
 Cast: Foxfire           ||    55
       Scorch            ||     2
  Use: Scroll            ||     3
       Potion            ||     3
Armor: Robe              ||     4
Dodge: Dodged            ||    24
